General information
- name: BNet
- type: Ladder team game (AT/RT)
- host: Battle.net
- saver: MARKET-SQUARE.
map: Battleground
- players: 8
- length: 25:44
- speed: Fast
- version: 1.26 W3XP
- replay type: Public
» download(187 KB)
Players
team 1 (loser)

»
bloodsun (
green | 72 APM | 1844 actions | 25:42)
5 Blademaster
2 Wind Walk
3 Critical Strike
4 Tauren Chieftain
2 Shockwave
2 Endurance Aura
» actions
| Basic commands | 80 | |
| Build / train | 74 | |
| Enter build submenu | 14 | |
| Enter hero's abilities submenu | 9 | |
| Right click | 961 | |
| Select / deselect | 624 | |
| Use ability | 82 | |
1844 total
» units
| Peon | 9 | |
| Shaman | 10 | |
| Tauren | 14 | |
| Forest Troll Shadow Priest | 2 | |
35 total
» upgrades
| Armor | 1 | |
| Shaman Training | 2 | |
| Pulverize | 1 | |
| Melee Weapons | 1 | |
| Reinforced Defenses | 1 | |
| Masonry | 1 | |
7 total
» buildings
| Altar of Storms | 1 | |
| Orc Burrow | 7 | |
| War Mill | 1 | |
| Voodoo Lounge | 1 | |
| Stronghold | 1 | |
| Fortress | 2 | |
| Spirit Lodge | 1 | |
| Tauren Totem | 2 | |
| Watch Tower | 1 | |
17 total
» build order
00:24 Altar of Storms
00:29 Orc Burrow
00:44 War Mill
01:26 Voodoo Lounge
01:40 Orc Burrow
02:50 Stronghold
03:41 Orc Burrow
04:02 Orc Burrow
04:05 Orc Burrow
05:17 Fortress
05:20 Spirit Lodge
07:41 Tauren Totem
07:42 Tauren Totem
09:32 Orc Burrow
10:22 Orc Burrow
22:53 Watch Tower
» items
| Healing Salve | 4 | |
| Lesser Clarity Potion | 2 | |
| Scroll of Speed | 2 | |
| Staff of Teleportation | 1 | |
| Potion of Healing | 1 | |
10 total

»
ArK-NoVa (
orange | 32 APM | 717 actions | 22:22)
7 Mountain King
2 Thunder Clap
3 Storm Bolt
1 Bash
1 Avatar
» actions
| Basic commands | 16 | |
| Build / train | 75 | |
| Enter build submenu | 21 | |
| Enter hero's abilities submenu | 7 | |
| Give item / drop item | 1 | |
| Right click | 307 | |
| Select / deselect | 206 | |
| Use ability | 84 | |
717 total
» units
| Peasant | 12 | |
| Rifleman | 15 | |
| Mortar Team | 4 | |
| Knight | 4 | |
35 total
» upgrades
| Gunpowder | 2 | |
| Armor | 2 | |
| Masonry | 2 | |
| Lumber Harvesting | 2 | |
| Long Rifles | 1 | |
| Fragmentation Shards | 1 | |
| Flare | 1 | |
11 total
» buildings
| Altar of Kings | 1 | |
| Barracks | 1 | |
| Farm | 7 | |
| Blacksmith | 1 | |
| Lumber Mill | 1 | |
| Arcane Vault | 1 | |
| Scout Tower | 6 | |
| Guard Tower | 4 | |
| Keep | 1 | |
| Workshop | 2 | |
| Castle | 1 | |
26 total
» build order
00:22 Altar of Kings
00:38 Barracks
00:42 Farm
01:23 Farm
01:56 Blacksmith
02:11 Farm
02:50 Lumber Mill
02:56 Farm
03:08 Arcane Vault
03:39 Farm
04:37 Scout Tower
04:52 Scout Tower
05:44 Scout Tower
07:06 Guard Tower
07:08 Keep
07:14 Scout Tower
07:17 Farm
07:46 Guard Tower
08:09 Scout Tower
08:46 Guard Tower
10:10 Workshop
11:49 Workshop
13:10 Farm
13:12 Castle
15:38 Scout Tower
16:10 Guard Tower
» items
| Lesser Clarity Potion | 4 | |
| Scroll of Regeneration | 4 | |
| Scroll of Town Portal | 3 | |
| Scroll of Healing | 1 | |
| Potion of Healing | 2 | |
| Potion of Mana | 1 | |
15 total

»
kland (
purple | 40 APM | 964 actions | 23:59)
6 Archmage
1 Summon Water Elemental
1 Brilliance Aura
3 Blizzard
1 Mass Teleport
» actions
| Basic commands | 147 | |
| Build / train | 87 | |
| Enter build submenu | 21 | |
| Enter hero's abilities submenu | 6 | |
| Right click | 409 | |
| Select / deselect | 247 | |
| Use ability | 47 | |
964 total
» units
| Peasant | 9 | |
| Footman | 12 | |
| Gryphon Rider | 41 | |
| Mortar Team | 3 | |
65 total
» upgrades
| Masonry | 1 | |
| Lumber Harvesting | 2 | |
| Swords | 2 | |
| Armor | 2 | |
| Storm Hammers | 1 | |
8 total
» buildings
| Altar of Kings | 1 | |
| Farm | 9 | |
| Lumber Mill | 1 | |
| Scout Tower | 4 | |
| Barracks | 1 | |
| Arcane Tower | 1 | |
| Blacksmith | 1 | |
| Keep | 1 | |
| Guard Tower | 3 | |
| Arcane Vault | 1 | |
| Castle | 1 | |
| Gryphon Aviary | 2 | |
26 total
» build order
00:30 Altar of Kings
00:39 Farm
00:56 Lumber Mill
01:20 Scout Tower
01:35 Barracks
01:50 Farm
02:03 Arcane Tower
02:33 Farm
02:51 Blacksmith
03:17 Farm
03:57 Scout Tower
04:43 Keep
04:47 Scout Tower
04:51 Guard Tower
04:55 Arcane Vault
06:10 Guard Tower
06:18 Farm
07:06 Castle
07:10 Gryphon Aviary
07:15 Gryphon Aviary
08:18 Farm
09:05 Farm
10:08 Farm
11:12 Farm
20:35 Scout Tower
21:15 Guard Tower
» items

»
talk.oriTK (
yellow | 52 APM | 1166 actions | 22:12)
4 Paladin
2 Holy Light
2 Devotion Aura
» actions
| Build / train | 61 | |
| Enter build submenu | 30 | |
| Enter hero's abilities submenu | 4 | |
| Remove unit from queue | 5 | |
| Right click | 651 | |
| Select / deselect | 350 | |
| Use ability | 65 | |
1166 total
» units
| Peasant | 22 | |
| Footman | 4 | |
| Rifleman | 17 | |
43 total
» upgrades
» buildings
| Lumber Mill | 2 | |
| Farm | 7 | |
| Altar of Kings | 1 | |
| Barracks | 3 | |
| Blacksmith | 1 | |
| Scout Tower | 5 | |
| Arcane Tower | 5 | |
| Keep | 2 | |
| Castle | 1 | |
| Town Hall | 2 | |
| Arcane Vault | 1 | |
30 total
» build order
00:34 Lumber Mill
01:10 Farm
01:15 Altar of Kings
01:39 Barracks
01:47 Farm
02:32 Blacksmith
02:40 Barracks
04:40 Farm
07:11 Barracks
07:16 Scout Tower
07:17 Scout Tower
07:43 Arcane Tower
07:45 Arcane Tower
08:27 Farm
08:41 Keep
08:48 Scout Tower
09:04 Farm
09:06 Scout Tower
09:19 Arcane Tower
09:37 Arcane Tower
09:39 Scout Tower
10:12 Farm
10:21 Arcane Tower
11:09 Castle
13:01 Town Hall
14:43 Farm
14:57 Arcane Vault
16:23 Town Hall
17:12 Keep
20:07 Keep
20:11 Lumber Mill
team 2 (winner)

»
cantfindgames (
teal | 85 APM | 2175 actions | 25:43)
5 Blademaster
2 Wind Walk
3 Critical Strike
4 Tauren Chieftain
2 Shockwave
2 Endurance Aura
» actions
| Assign group hotkey | 31 | |
| Basic commands | 182 | |
| Build / train | 82 | |
| ESC pressed | 1 | |
| Enter build submenu | 16 | |
| Enter hero's abilities submenu | 9 | |
| Give item / drop item | 3 | |
| Remove unit from queue | 1 | |
| Right click | 829 | |
| Select / deselect | 397 | |
| Select group hotkey | 532 | |
| Use ability | 92 | |
2175 total
» units
| Peon | 7 | |
| Grunt | 6 | |
| Shaman | 16 | |
| Tauren | 9 | |
| Troll Headhunter/Berserker | 5 | |
43 total
» upgrades
| Berserker Strength | 1 | |
| Shaman Training | 2 | |
| Berserker Upgrade | 1 | |
4 total
» buildings
| Altar of Storms | 1 | |
| Orc Burrow | 6 | |
| Voodoo Lounge | 1 | |
| Barracks | 1 | |
| Stronghold | 1 | |
| Spirit Lodge | 1 | |
| Fortress | 1 | |
| War Mill | 1 | |
| Tauren Totem | 2 | |
| Great Hall | 1 | |
16 total
» build order
00:06 Altar of Storms
00:19 Orc Burrow
01:04 Voodoo Lounge
01:21 Barracks
01:45 Orc Burrow
03:16 Stronghold
05:12 Orc Burrow
06:25 Spirit Lodge
06:59 Fortress
07:04 War Mill
09:58 Tauren Totem
09:59 Tauren Totem
10:02 Orc Burrow
13:40 Orc Burrow
21:19 Orc Burrow
23:03 Great Hall
» items
| Lesser Clarity Potion | 9 | |
| Healing Salve | 5 | |
| Scroll of Speed | 3 | |
| Scroll of Town Portal | 1 | |
| Scroll of Healing | 1 | |
| Potion of Lesser Invulnerability | 1 | |
| Orb of Lightning | 1 | |
21 total
Gauntlet (
pink | 59 APM | 1516 actions | 25:43)
6 Paladin
1 Holy Light
1 Devotion Aura
3 Divine Shield
1 Resurrection
» actions
| Basic commands | 93 | |
| Build / train | 78 | |
| Enter build submenu | 33 | |
| Enter hero's abilities submenu | 6 | |
| Give item / drop item | 1 | |
| Right click | 785 | |
| Select / deselect | 453 | |
| Use ability | 67 | |
1516 total
» units
| Peasant | 25 | |
| Rifleman | 18 | |
| Flying Machine | 3 | |
| Priest | 4 | |
| Mortar Team | 3 | |
| Spell Breaker | 1 | |
54 total
» upgrades
» buildings
| Farm | 11 | |
| Barracks | 3 | |
| Blacksmith | 2 | |
| Altar of Kings | 1 | |
| Scout Tower | 4 | |
| Arcane Tower | 2 | |
| Arcane Vault | 1 | |
| Keep | 1 | |
| Arcane Sanctum | 1 | |
| Workshop | 1 | |
| Lumber Mill | 1 | |
| Town Hall | 1 | |
| Guard Tower | 2 | |
31 total
» build order
00:31 Farm
00:33 Barracks
00:43 Blacksmith
01:04 Altar of Kings
01:56 Farm
02:15 Scout Tower
02:41 Farm
02:47 Arcane Tower
03:57 Farm
04:33 Arcane Vault
04:52 Farm
05:30 Keep
08:20 Arcane Sanctum
08:22 Workshop
09:00 Farm
09:33 Lumber Mill
10:58 Farm
14:48 Town Hall
20:58 Barracks
20:59 Blacksmith
21:06 Barracks
22:07 Farm
22:20 Scout Tower
22:48 Farm
22:50 Farm
22:57 Guard Tower
24:24 Scout Tower
24:41 Arcane Tower
24:48 Scout Tower
25:14 Farm
25:18 Guard Tower
» items
| Scroll of Regeneration | 3 | |
| Lesser Clarity Potion | 2 | |
| Scroll of Town Portal | 1 | |
| Staff of Teleportation | 1 | |
| Potion of Lesser Invulnerability | 1 | |
8 total

»
MARKET-SQUARE. (
red | 71 APM | 1838 actions | 25:44)
7 Blademaster
3 Wind Walk
3 Critical Strike
1 Bladestorm
6 Shadow Hunter
2 Hex
3 Healing Wave
1 Big Bad Voodoo
4 Tauren Chieftain
2 War Stomp
2 Endurance Aura
» actions
| Assign group hotkey | 49 | |
| Basic commands | 22 | |
| Build / train | 75 | |
| Enter build submenu | 15 | |
| Enter hero's abilities submenu | 17 | |
| Give item / drop item | 2 | |
| Right click | 757 | |
| Select / deselect | 193 | |
| Select group hotkey | 559 | |
| Use ability | 149 | |
1838 total
» units
| Peon | 14 | |
| Wind Rider | 15 | |
| Shaman | 2 | |
31 total
» upgrades
| Ranged Weapons | 2 | |
| Envenomed Spears | 1 | |
| Reinforced Defenses | 1 | |
| Shaman Training | 2 | |
6 total
» buildings
| Altar of Storms | 1 | |
| Orc Burrow | 4 | |
| War Mill | 1 | |
| Voodoo Lounge | 1 | |
| Watch Tower | 6 | |
| Stronghold | 1 | |
| Beastiary | 2 | |
| Fortress | 1 | |
| Spirit Lodge | 1 | |
18 total
» build order
00:08 Altar of Storms
00:18 Orc Burrow
00:38 War Mill
01:19 Voodoo Lounge
01:51 Watch Tower
02:08 Watch Tower
03:04 Stronghold
03:26 Watch Tower
04:38 Orc Burrow
04:41 Orc Burrow
05:39 Beastiary
05:57 Beastiary
06:01 Orc Burrow
07:47 Fortress
08:57 Watch Tower
09:48 Spirit Lodge
10:49 Watch Tower
10:50 Watch Tower
» items
| Healing Salve | 3 | |
| Lesser Clarity Potion | 5 | |
| Staff of Teleportation | 1 | |
| Potion of Mana | 3 | |
| Scroll of Town Portal | 1 | |
| Potion of Lesser Invulnerability | 1 | |
14 total

»
Opponet (
blue | 41 APM | 1042 actions | 25:43)
4 Shadow Hunter
2 Hex
2 Healing Wave
1 Blademaster
1 Mirror Image
» actions
| Build / train | 95 | |
| Enter build submenu | 13 | |
| Enter hero's abilities submenu | 5 | |
| Remove unit from queue | 21 | |
| Right click | 469 | |
| Select / deselect | 348 | |
| Use ability | 91 | |
1042 total
» units
| Peon | 7 | |
| Grunt | 10 | |
| Troll Headhunter/Berserker | 4 | |
| Troll Witch Doctor | 10 | |
| Tauren | 2 | |
33 total
» upgrades
| Pillage | 1 | |
| Armor | 3 | |
| Melee Weapons | 2 | |
| Ranged Weapons | 1 | |
| Witch Doctor Training | 2 | |
| Berserker Strength | 1 | |
10 total
» buildings
| Altar of Storms | 1 | |
| Orc Burrow | 6 | |
| Barracks | 1 | |
| Voodoo Lounge | 1 | |
| War Mill | 1 | |
| Stronghold | 1 | |
| Spirit Lodge | 1 | |
| Fortress | 1 | |
| Tauren Totem | 1 | |
14 total
» build order
00:33 Altar of Storms
00:37 Orc Burrow
01:00 Barracks
01:35 Orc Burrow
02:14 Voodoo Lounge
04:27 War Mill
04:36 Orc Burrow
06:46 Stronghold
09:12 Spirit Lodge
10:25 Orc Burrow
11:21 Fortress
14:41 Tauren Totem
20:27 Orc Burrow
20:29 Orc Burrow
» items
| Lesser Clarity Potion | 4 | |
| Scroll of Speed | 6 | |
| Healing Salve | 1 | |
| Potion of Healing | 2 | |
| Potion of Mana | 3 | |
| Scroll of Town Portal | 3 | |
| Scroll of Healing | 1 | |
| Tiny Great Hall | 2 | |
22 total
Chat log
(00:20 / Allies) Opponet: its 1:30 im tired AF, and im playing thise we should rush
(00:22 / Allies) Opponet: so i can go to bed
(00:25 / All) Opponet: Gl Hf
(00:52 / Allies) cantfindgames: I DONT HAVE TO GO TO BED BUT I NEED I LIFE SO YES
(01:05 / Allies) Opponet: pshh life :p
(01:11 / Allies) Opponet: but cool
(01:12 / Allies) Opponet: so rush?!
(01:16 / Allies) Gauntlet: spare wood?
(01:35 / Allies) cantfindgames: YA. GOOD MAP FOR SPLIT RUSH
(01:43 / Allies) Gauntlet: u see the peon rush on me
(02:00 / Allies) Opponet: lol no
(02:21 / Allies) Opponet: red!!!
(02:29 / Allies) Opponet: u r u rushing with us?
(02:34 / Allies) MARKET-SQUARE.: yea
(02:40 / Allies) Opponet: cool kk
(02:48 / Allies) cantfindgames: DUAL RAX
(02:52 / Allies) Gauntlet: go
(05:08 / Allies) Gauntlet: get out
(05:22 / Allies) MARKET-SQUARE.: AM
(05:23 / Allies) Gauntlet: heal?
(05:31 / All) talk.oriTK: FUCKING FAGS
(05:36 / Allies) Opponet: nah
(05:41 / Allies) Opponet: had hex for bm sorry
(05:57 / All) cantfindgames: DEE
(06:16 / Allies) MARKET-SQUARE.: pally
(06:53 / Allies) Gauntlet: bs
(07:55 / Allies) Opponet: lol they didnt hit pink
(07:56 / Allies) Opponet: wow
(08:34 / Allies) Opponet: unnits?!
(10:01 / Allies) Gauntlet: spare wood
(10:41 / Allies) MARKET-SQUARE.: lets hit em'
(11:47 / Allies) Opponet: MAIN
(11:50 / All) talk.oriTK: sigh...
(12:43 / Allies) Gauntlet: im out
(13:21 / Allies) Gauntlet: tping to me or not
(13:45 / Allies) MARKET-SQUARE.: yes
(13:46 / Allies) Opponet: red not strong on units rightnow
(13:49 / Allies) Opponet: oh ok nvm
(13:49 / All) talk.oriTK: why you target my main?
(14:02 / Allies) Gauntlet: tp teal
(14:05 / Allies) Gauntlet: ward
(14:30 / All) talk.oriTK: GG
(15:31 / Allies) MARKET-SQUARE.: jeezu ugys suck
(16:10 / All) talk.oriTK: gg well played
(16:35 / Allies) MARKET-SQUARE.: come
(16:37 / Allies) MARKET-SQUARE.: we can take em
(16:57 / All) talk.oriTK: cute hiding peasants
(17:04 / Allies) MARKET-SQUARE.: focus am
(18:16 / Allies) Opponet: yellow?
(20:31 / Allies) Gauntlet: make more anti iar
(20:41 / Allies) Gauntlet: spare wood?
(20:42 / Allies) MARKET-SQUARE.: ignore base i think they got expo
(21:45 / Allies) Opponet: awit
(21:46 / Allies) Opponet: heal
(21:47 / Allies) Opponet: with me
(21:48 / Allies) Opponet: wards
(22:10 / All) talk.oriTK: gg
(22:16 / All) cantfindgames: GG
(22:32 / All) Opponet: Gg
(22:35 / Allies) Opponet: nice shit red
(22:38 / Allies) MARKET-SQUARE.: yea lol
(22:48 / Allies) Opponet: lol motavation and shit lol
(22:52 / Allies) MARKET-SQUARE.: trew dat
(22:54 / All) MARKET-SQUARE.: kodo #1
(23:06 / Allies) Opponet: lol nigga imma sleep like a king tonioght with this win lol
(23:08 / Allies) MARKET-SQUARE.: tp my base?
(23:10 / Allies) Opponet: screw it
(23:11 / Allies) Opponet: we won
(23:12 / Allies) Opponet: lol
(23:13 / Allies) Opponet: sorry p
(23:15 / Allies) Opponet: we can
(23:16 / Allies) Opponet: if u want
(23:23 / Allies) cantfindgames: no tp
(23:30 / Allies) Opponet: same :p
(23:34 / Allies) Opponet: shop!
(24:34 / All) MARKET-SQUARE.: admit i am ur superior green
(24:37 / All) MARKET-SQUARE.: in the art of bm